 Dungeon Crawl Stone Soup version 0.29.0-4-gdea44cf6ec (webtiles) character file.

Game seed: 8714062227954384727

69484 qw the Peltast (level 14, -5/198 HPs)
             Began as a Minotaur Berserker on Sept 6, 2022.
             Was an Elder of Trog.
             Killed from afar by a fire giant (12 damage)
             ... with a bolt of fire
             ... on level 13 of the Dungeon.
             The game lasted 00:08:52 (28035 turns).

qw the Peltast (Minotaur Berserker)                Turns: 28035, Time: 00:08:52

Health: -5/198     AC: 25    Str: 28    XL:     14   Next: 90%
Magic:  13/13      EV:  8    Int:  4    God:    Trog [****..]
Gold:   1062       SH: 24    Dex: 10    Spells: 13/13 levels left

rFire   . . .      SeeInvis .   s - +0 broad axe
rCold   . . .      Faith    .   n - +0 tower shield
rNeg    . . .      Spirit   .   h - +2 plate armour
rPois   +          Reflect  +   (helmet restricted)
rElec   .          Harm     .   g - +0 cloak of Impressiveness {rPois Will+ Str+3}
rCorr   .          Rampage  .   p - +2 pair of gloves
Will    ++...                   o - +2 pair of boots
Stlth   ..........              l - amulet of reflection
HPRegen 0.43/turn               d - +4 ring of protection
MPRegen 0.13/turn               c - +4 ring of slaying {mikee}

@: berserking, about to teleport, very quick
A: horns 2, retaliatory headbutt, deformed body, weak 1, no potion heal 1,
subdued magic 2
a: Renounce Religion, Berserk, Trog's Hand, Brothers in Arms


You were on level 13 of the Dungeon.
You worshipped Trog.
Trog was greatly pleased with you.
You visited 2 branches of the dungeon, and saw 19 of its levels.
You also visited: Gauntlet.

You collected 1501 gold pieces.
You spent 439 gold pieces at shops.


Innate Abilities, Weirdness & Mutations

You have a pair of horns on your head.
You reflexively headbutt those who attack you in melee.
Armour fits poorly on your strangely shaped body.
You are weak. (Str -2)
Potions are less effective at restoring your health.
Your spells are easier to cast, but less powerful.


   Skills:
 - Level 14.0 Fighting
 + Level 17.1 Axes
 - Level 6.1 Throwing
 - Level 13.0 Armour
 - Level 5.0 Dodging
 - Level 17.6 Shields


You had 13 spell levels left.
You didn't know any spells.
Your spell library was empty.

Inventory:

Hand Weapons
 f - a +4 hand axe of flaming
 s - a +0 broad axe (weapon)
Missiles
 r - a javelin (quivered)
Armour
 g - the +0 cloak of Impressiveness (worn) {rPois Will+ Str+3}
   (You found it in a Gauntlet)

   Str:       It affects your strength (+3).
   rPois:     It protects you from poison.
   Will:      It increases your willpower.
 h - a +2 plate armour (worn)
 n - a +0 tower shield (worn)
 o - a +2 pair of boots (worn)
 p - a +2 pair of gloves (worn)
 q - a +3 chain mail of poison resistance
Jewellery
 c - a +4 ring of slaying (right hand) {mikee}
 d - a +4 ring of protection (left hand)
 l - an amulet of reflection (around neck)
 m - a ring of fire
Scrolls
 b - 12 scrolls of identify
 k - 8 scrolls of teleportation
 t - a scroll of brand weapon {unknown}
Potions
 e - 5 potions of might
 i - 4 potions of haste
 j - 10 potions of curing

Dungeon Overview and Level Annotations

Branches:
Dungeon (14/15)            Temple (0/1) D:4            Lair (5/5) D:9
 Shoals (0/4) Lair:2       Spider (0/4) Lair:3        Slime (0/5) Lair:5
    Orc (0/2) D:12         Vaults (0/5) D:13        Gauntlet (visited)

Altars:
Ashenzari
Cheibriados
Dithmenos
Fedhas
Hepliaklqana
Kikubaaqudgha
Makhleb
Nemelex Xobeh
Qazlal
Sif Muna
Uskayaw
Wu Jian
Xom
Zin
Jiyva

Shops:
D:3 *   D:6 *([*   D:11 *   D:13 :

Annotations:
D:4 1 runed translucent door, Crazy Yiuf
D:13 1 runed translucent door, qw's ghost, journeyman MiBe
Lair:4 1 runed translucent door, qw's ghost, journeyman MiFi


Message History

The killer bee is severely wounded.
You slice the killer bee!!
You kill the killer bee!
Trog accepts your kill.
28011 ||| Stepping ~*~*~tactically~*~*~ (hiding).
The fire giant gestures at you while chanting.
The fireball explodes!
The fireball engulfs you!!!
28013 ||| FLEEEEING.
28014 ||| FLEEEEING.
28015 ||| FLEEEEING.
There is an open door here.
28016 ||| FLEEEEING.
28017 ||| FLEEEEING.
You see here 6 stones.
28021 ||| FLEEEEING.
28022 ||| FLEEEEING.
28023 ||| FLEEEEING.
The fire giant gestures at you while chanting.
The bolt of fire hits you!!
28024 ||| FLEEEEING.
There is an open door here.
28029 ||| FLEEEEING.
Enter note:
Enter note:
Enter note:
28030 ||| Stepping ~*~*~tactically~*~*~ (hiding).
The fire giant gestures at you while chanting.
The fireball explodes!
The fireball engulfs you!!!
You hear a horrible gurgling sound!
28033 ||| READING 9 scrolls of teleportation.
As you read the scroll of teleportation, it crumbles to dust.
You feel strangely unstable.
28034 ||| INVOKING Berserk.
A red film seems to cover your vision as you go berserk!
You feel yourself moving faster!
You feel mighty!
You slash the fire giant!
The fire giant is lightly wounded.
The fire giant points at you and mumbles some strange words.
The bolt of fire hits you!
You die...

.~...#...#.....# #.........
.##.##...#.)...#########(........
.........'....('..........C.>....
#..###...#.....####..#.#####'#.#.
.........#...### #..#.#...#.#.##
.........#...# ###.(#.#.#.#.#...
.......###...# #[.....#.#...#...
.......# #...####C####.#.#.#C#...
.......# #...##.@....#.#.#...###.
.......###...##......#.#!#.#.###.
.#####.#.....##......#.#.#.......
..)...........'......#.#.###.####
[).#.....#...#############..(..##
...#.....#.###[#)#)#.#[#)#...#'##
...#.......).#'#'#'#'#'#'#.......
...'.#'#####))...........#.......
...#.#.# #.'..~.......\#..#####


You could see a fire giant.

Vanquished Creatures
  Kirke (D:13)
  A cacodemon (Gauntlet)
  A minotaur (Gauntlet)
  Azrael (D:13)
  Snorg (D:10)
  A great orb of eyes (D:13)
  5 vault guards (D:13)
  5 hydras
  A centaur warrior (D:13)
  A tengu warrior (D:13)
  3 two-headed ogres
  9 death yaks (Lair:5)
  Nergalle (Lair:2)
  A skeletal warrior (D:13)
  A lindwurm (Lair:5)
  Pikel (D:7)
  3 deep elf pyromancers
  A cyclops (D:13)
  An oklob plant (Lair:5)
  8 ugly things
  6 manticores
  A wolf spider (D:13)
  Maurice (D:9)
  A merfolk siren (Lair:2)
  7 black mambas
  9 elephants
  2 torpor snails
  4 gargoyles
  5 cane toads
  An unseen horror (D:11)
  A yaktaur (D:13)
  6 komodo dragons
  Maggie (D:9)
  7 polar bears
  2 meliai (D:13)
  3 trolls
  4 hornets
  6 slime creatures (D:13)
  3 dream sheep
  5 blink frogs (Lair:5)
  5 flying skulls (Gauntlet)
  A vampire (D:12)
  7 wyverns
  A jumping spider (Lair:3)
  12 spriggans (Lair:5)
  37 yaks
  A culicivora (Lair:3)
  7 humans (D:13)
  3 wraiths
  2 shadows
  5 fire elementals (D:13)
  2 steam dragons
  3 hogs (D:13)
  2 neqoxecs (Gauntlet)
  2 basilisks (Lair:5)
  3 redbacks (Lair:3)
  6 vampire mosquitoes (D:13)
  3 acid dragons
  10 water moccasins
  2 orc warriors
  An ice beast (D:8)
  3 black bears
  4 ogres
  7 centaurs
  5 boggarts (Lair:5)
  24 wolves
  A lemure (D:7)
  8 bullfrogs
  3 kobold brigands
  A scorpion (D:6)
  3 necrophages
  2 gnoll sergeants
  5 wights (D:7)
  22 killer bees
  2 electric eels
  11 howler monkeys
  7 hounds
  9 jellies
  8 orc priests
  Ijyb (D:5)
  2 iguanas (D:7)
  9 orc wizards
  19 gnolls
  10 adders
  4 river rats (D:4)
  3 white imps
  2 ufetubi
  A worm (D:3)
  2 dart slugs
  28 orcs
  9 endoplasms
  2 giant cockroaches (D:3)
  10 goblins
  7 hobgoblins
  18 kobolds
  4 quokkas
  5 ball pythons
  5 bats
  3 frilled lizards
  20 rats
526 creatures vanquished.

Vanquished Creatures (others)
  2 killer bees (D:13)
  33 fungi
  82 plants
  21 toadstools (Lair:5)
  2 withered plants (Lair:4)
140 creatures vanquished.

Grand Total: 666 creatures vanquished

Notes
Turn   | Place    | Note
-------+----------+-------------------------------------------
     0 | D:1      | qw the Minotaur Berserker began the quest for the Orb.
     0 | D:1      | Reached XP level 1. HP: 19/19 MP: 0/0
     0 | D:1      | 0 ||| qw: Version: 0.1-a-107-g9ff403c
     0 | D:1      | 0 ||| qw: Game counter: 6063
     0 | D:1      | 0 ||| qw: Always use a shield: true
     0 | D:1      | 0 ||| qw: Do Orc after D:15 true
     0 | D:1      | 0 ||| qw: Do second Lair branch before Depths: true
     0 | D:1      | 0 ||| qw: Lair rune preference: random
     0 | D:1      | 0 ||| qw: Plans: Normal
     0 | D:1      | 0 ||| PLANNING D:1-11
   131 | D:1      | 131 ||| Stepping ~*~*~tactically~*~*~ (stealth).
   202 | D:1      | Reached XP level 2. HP: 18/26 MP: 1/1
   354 | D:1      | 354 ||| Stepping ~*~*~tactically~*~*~ (stealth).
   813 | D:1      | 813 ||| UPGRADING to +0 ring mail.
   823 | D:1      | 823 ||| DROPPING +0 animal skin.
   824 | D:1      | 824 ||| UPGRADING to +0 plate armour.
   834 | D:1      | 834 ||| DROPPING +0 ring mail.
   835 | D:1      | 835 ||| UPGRADING to +4 ring of protection.
   836 | D:1      | 836 ||| READING scroll labelled GIACOI XEESA.
   976 | D:1      | 976 ||| READING scroll labelled ROBEK CIQEY.
   977 | D:1      | 977 ||| READING scroll labelled UWEOTS XAOXAINK.
  1116 | D:2      | 1116 ||| Stepping ~*~*~tactically~*~*~ (stealth).
  1117 | D:2      | 1117 ||| Stepping ~*~*~tactically~*~*~ (stealth).
  1136 | D:2      | Reached XP level 3. HP: 18/31 MP: 2/2
  1285 | D:2      | Found a faded altar of an unknown god.
  1286 | D:2      | 1286 ||| Stepping ~*~*~tactically~*~*~ (stealth).
  1508 | D:2      | Reached ** piety under Trog
  1894 | D:2      | 1894 ||| Stepping ~*~*~tactically~*~*~ (hiding).
  1896 | D:2      | 1896 ||| Stepping ~*~*~tactically~*~*~ (hiding).
  1897 | D:2      | 1897 ||| Stepping ~*~*~tactically~*~*~ (hiding).
  1984 | D:2      | 1984 ||| UPGRADING to +4 ring of slaying {mikee}.
  1985 | D:2      | 1985 ||| DROPPING +4 ring of evasion.
  1986 | D:2      | 1986 ||| READING scroll labelled KULLUA ZAPEROA.
  1989 | D:2      | 1989 ||| READING scroll labelled QODIRA NEACZI.
  1990 | D:2      | 1990 ||| READING scroll labelled NYIRUB AB JEPI.
  1991 | D:2      | 1991 ||| READING scroll labelled SYIT ACHAURPHI.
  1992 | D:2      | 1992 ||| DRINKING 3 fizzy brown potions.
  2097 | D:2      | 2097 ||| DRINKING 3 fuming golden potions.
  2098 | D:2      | 2098 ||| DROPPING 2 potions of berserk rage.
  2127 | D:3      | 2127 ||| INVOKING Berserk.
  2134 | D:3      | 2134 ||| STAIRDANCE
  2243 | D:3      | Found a hazy altar of Hepliaklqana.
  2244 | D:3      | Found a sparkling altar of Nemelex Xobeh.
  2245 | D:3      | Found a shadowy altar of Dithmenos.
  2246 | D:3      | 2246 ||| Stepping ~*~*~tactically~*~*~ (stealth).
  2247 | D:3      | 2247 ||| Stepping ~*~*~tactically~*~*~ (stealth).
  2248 | D:3      | 2248 ||| Stepping ~*~*~tactically~*~*~ (stealth).
  2270 | D:3      | Reached skill level 6 in Axes
  2270 | D:3      | Reached XP level 4. HP: 39/39 MP: 3/3
  2321 | D:3      | Found an ornate altar of the Wu Jian Council.
  2416 | D:3      | Found a burning altar of Makhleb.
  2641 | D:3      | Noticed a black bear
  2646 | D:3      | 2646 ||| INVOKING Berserk.
  2649 | D:3      | Killed a black bear
  2650 | D:3      | Reached XP level 5. HP: 45/45 MP: 4/4
  2774 | D:3      | Found Puanawk's Assorted Antiques.
  2827 | D:3      | 2827 ||| BUYING 2 bubbling golden potions (39 gold).
  2827 | D:3      | Bought 2 bubbling golden potions for 39 gold pieces
  2827 | D:3      | 2827 ||| BUYING kite shield (99 gold).
  2827 | D:3      | Bought a kite shield for 99 gold pieces
  2827 | D:3      | 2827 ||| SHOPLISTING pair of gloves (99 gold, have 72).
  2827 | D:3      | 2827 ||| BUYING scroll of identify (44 gold).
  2827 | D:3      | Bought a scroll of identify for 44 gold pieces
  2827 | D:3      | 2827 ||| SHOPLISTING shiny plate armour (572 gold, have
                  | 28).
  3040 | D:3      | Found a shimmering blue altar of Sif Muna.
  3194 | D:3      | 3194 ||| UPGRADING to +0 kite shield.
  3199 | D:3      | 3199 ||| READING scroll labelled UHOJUM BIDOD.
  3200 | D:3      | 3200 ||| READING scroll labelled QIG CONWOUNG.
  3201 | D:3      | 3201 ||| DRINKING 2 bubbling golden potions.
  3202 | D:3      | 3202 ||| READING 6 scrolls of identify.
  3202 | D:3      | 3202 ||| IDENTIFYING lumpy black potion
  3203 | D:3      | 3203 ||| READING 5 scrolls of identify.
  3203 | D:3      | 3203 ||| IDENTIFYING yellow potion
  3204 | D:3      | 3204 ||| DROPPING potion of lignification.
  3205 | D:3      | 3205 ||| DROPPING potion of flight.
  3340 | D:4      | Found a runed translucent door.
  3341 | D:4      | Noticed Crazy Yiuf
  3365 | D:4      | 3365 ||| Stepping ~*~*~tactically~*~*~ (stealth).
  3366 | D:4      | 3366 ||| Stepping ~*~*~tactically~*~*~ (stealth).
  3368 | D:4      | 3368 ||| INVOKING Berserk.
  3371 | D:4      | Reached skill level 1 in Shields
  3481 | D:4      | 3481 ||| DROPPING +0 whip.
  3574 | D:4      | 3574 ||| READING scroll of enchant armour.
  3574 | D:4      | 3574 ||| ENCHANTING +0 plate armour.
  3600 | D:4      | Reached skill level 3 in Shields
  3600 | D:4      | Reached XP level 6. HP: 51/51 MP: 5/5
  3705 | D:4      | 3705 ||| INVOKING Berserk.
  3965 | D:4      | Found a glowing silver altar of Zin.
  3965 | D:4      | Noticed an angel
  4064 | D:4      | 4064 ||| INVOKING Berserk.
  4175 | D:4      | Found a staircase to the Ecumenical Temple.
  4398 | D:4      | Reached skill level 3 in Armour
  4505 | D:4      | 4505 ||| READING 5 scrolls of identify.
  4505 | D:4      | 4505 ||| IDENTIFYING black potion
  4506 | D:4      | 4506 ||| READING 4 scrolls of identify.
  4506 | D:4      | 4506 ||| IDENTIFYING purple potion
  4507 | D:4      | 4507 ||| READING 3 scrolls of identify.
  4507 | D:4      | 4507 ||| IDENTIFYING dark potion
  4508 | D:4      | 4508 ||| READING 2 scrolls of identify.
  4508 | D:4      | 4508 ||| IDENTIFYING metallic green potion
  4509 | D:4      | 4509 ||| DROPPING potion of attraction.
  4510 | D:4      | 4510 ||| DROPPING potion of invisibility.
  4536 | D:3      | Found a hide-covered altar of Uskayaw.
  4536 | D:3      | Found an ancient bone altar of Kikubaaqudgha.
  4568 | D:5      | Entered Level 5 of the Dungeon
  4688 | D:5      | Reached XP level 7. HP: 59/59 MP: 6/6
  4710 | D:5      | 4710 ||| INVOKING Berserk.
  4716 | D:5      | 4716 ||| STAIRDANCE
  4893 | D:5      | Noticed Ijyb
  4894 | D:5      | 4894 ||| Stepping ~*~*~tactically~*~*~ (hiding).
  4895 | D:5      | 4895 ||| INVOKING Berserk.
  4903 | D:5      | Killed Ijyb
  4941 | D:5      | 4941 ||| Stepping ~*~*~tactically~*~*~ (stealth).
  4957 | D:5      | 4957 ||| INVOKING Berserk.
  4966 | D:5      | Reached skill level 6 in Shields
  5343 | D:5      | Reached *** piety under Trog
  5678 | D:5      | Reached skill level 9 in Axes
  5695 | D:5      | Found a blossoming altar of Fedhas.
  5719 | D:5      | Found a shimmering altar of Xom.
  5853 | D:5      | 5853 ||| UPGRADING to amulet of reflection.
  5858 | D:5      | 5858 ||| DRINKING 2 fuming grey potions.
  5868 | D:6      | Found Ihumol's General Store.
  5869 | D:6      | 5869 ||| STAIRDANCE
  5875 | D:6      | 5875 ||| STAIRDANCE
  5881 | D:5      | Reached XP level 8. HP: 44/68 MP: 7/7
  5995 | D:6      | 5995 ||| STAIRDANCE
  6005 | D:6      | 6005 ||| INVOKING Berserk.
  6016 | D:6      | 6016 ||| STAIRDANCE
  6122 | D:6      | 6122 ||| BUYING scroll of enchant armour (82 gold).
  6122 | D:6      | Bought a scroll of enchant armour for 82 gold pieces
  6122 | D:6      | 6122 ||| BUYING scroll of identify (22 gold).
  6122 | D:6      | Bought a scroll of identify for 22 gold pieces
  6122 | D:6      | 6122 ||| BUYING scroll of teleportation (33 gold).
  6122 | D:6      | Bought a scroll of teleportation for 33 gold pieces
  6129 | D:6      | 6129 ||| Stepping ~*~*~tactically~*~*~ (stealth).
  6130 | D:6      | 6130 ||| Stepping ~*~*~tactically~*~*~ (stealth).
  6132 | D:6      | 6132 ||| READING scroll of enchant armour.
  6132 | D:6      | 6132 ||| ENCHANTING +1 plate armour.
  6149 | D:6      | 6149 ||| FLEEEEING.
  6150 | D:6      | 6150 ||| STAIRDANCE
  6191 | D:6      | 6191 ||| Stepping ~*~*~tactically~*~*~ (stealth).
  6217 | D:6      | 6217 ||| INVOKING Berserk.
  6351 | D:6      | Found Zuumnusk's Antique Weapon Shoppe.
  6361 | D:6      | Found Isuz Egu's General Store.
  6362 | D:6      | 6362 ||| SHOPLISTING glowing flail (182 gold, have 34).
  6362 | D:6      | 6362 ||| SHOPLISTING runed hand axe (168 gold, have 34).
  6374 | D:6      | 6374 ||| SHOPLISTING 2 potions of curing (66 gold, have
                  | 34).
  6374 | D:6      | 6374 ||| SHOPLISTING potion of might (44 gold, have 34).
  6403 | D:6      | 6403 ||| INVOKING Berserk.
  6608 | D:6      | Found a stormy altar of Qazlal.
  6744 | D:6      | 6744 ||| INVOKING Berserk.
  6749 | D:6      | Reached skill level 6 in Fighting
  7033 | D:6      | Found Unarr's Antique Armour Boutique.
  7039 | D:6      | 7039 ||| SHOPLISTING pair of boots (117 gold, have 92).
  7158 | D:6      | 7158 ||| UPGRADING to +0 pair of gloves.
  7163 | D:6      | 7163 ||| READING scroll labelled PUIROL HYFUEXA.
  7164 | D:6      | 7164 ||| READING scroll labelled GAMMOCHYMOI.
  7190 | D:7      | 7190 ||| Stepping ~*~*~tactically~*~*~ (hiding).
  7201 | D:7      | Reached XP level 9. HP: 75/75 MP: 8/8
  7314 | D:7      | 7314 ||| INVOKING Berserk.
  7456 | D:7      | 7456 ||| SWAPPING to +0 war axe.
  7459 | D:7      | 7459 ||| INVOKING Berserk.
  7502 | D:7      | 7502 ||| Stepping ~*~*~tactically~*~*~ (stealth).
  7503 | D:7      | 7503 ||| DROPPING +0 hand axe.
  7663 | D:7      | Reached skill level 12 in Axes
  7881 | D:7      | 7881 ||| Stepping ~*~*~tactically~*~*~ (stealth).
  7883 | D:7      | 7883 ||| Stepping ~*~*~tactically~*~*~ (hiding).
  8002 | D:7      | Noticed Pikel
  8008 | D:7      | 8008 ||| INVOKING Berserk.
  8011 | D:7      | Killed Pikel
  8023 | D:7      | 8023 ||| Stepping ~*~*~tactically~*~*~ (stealth).
  8089 | D:7      | 8089 ||| Stepping ~*~*~tactically~*~*~ (hiding).
  8090 | D:7      | 8090 ||| Stepping ~*~*~tactically~*~*~ (hiding).
  8440 | D:7      | 8440 ||| DROPPING +6 ring of intelligence.
  8441 | D:7      | 8441 ||| READING scroll labelled CUOTEVOSIPH.
  8442 | D:7      | 8442 ||| READING 3 scrolls of teleportation.
  8611 | D:8      | Found a snail-covered altar of Cheibriados.
  8691 | D:8      | 8691 ||| Stepping ~*~*~tactically~*~*~ (hiding).
  8692 | D:8      | 8692 ||| Stepping ~*~*~tactically~*~*~ (hiding).
  8693 | D:8      | 8693 ||| Stepping ~*~*~tactically~*~*~ (hiding).
  8694 | D:8      | 8694 ||| Stepping ~*~*~tactically~*~*~ (hiding).
  9115 | D:8      | Found a broken altar of Ashenzari.
  9293 | D:8      | 9293 ||| INVOKING Berserk.
  9296 | D:8      | Reached skill level 9 in Shields
  9472 | D:8      | 9472 ||| INVOKING Berserk.
  9725 | D:8      | 9725 ||| DROPPING ring of flight.
  9726 | D:8      | 9726 ||| READING scroll labelled NEARRI SAATUQ.
  9787 | D:9      | Noticed a two-headed ogre
  9791 | D:9      | 9791 ||| INVOKING Berserk.
  9795 | D:9      | Killed a two-headed ogre
  9796 | D:9      | Reached XP level 10. HP: 88/88 MP: 9/9
 10008 | D:9      | Found a staircase to the Lair.
 10032 | D:9      | 10032 ||| Stepping ~*~*~tactically~*~*~ (stealth).
 10033 | D:9      | 10033 ||| Stepping ~*~*~tactically~*~*~ (stealth).
 10040 | D:9      | 10040 ||| Stepping ~*~*~tactically~*~*~ (stealth).
 10213 | D:9      | Noticed Maggie
 10214 | D:9      | 10214 ||| Stepping ~*~*~tactically~*~*~ (hiding).
 10215 | D:9      | 10215 ||| Stepping ~*~*~tactically~*~*~ (hiding).
 10226 | D:9      | Killed Maggie
 10374 | D:9      | Noticed Maurice
 10384 | D:9      | 10384 ||| DRINKING potion of cancellation.
 10418 | D:9      | HP: 17/88 [something (10)]
 10419 | D:9      | HP: 8/88 [something (9)]
 10427 | D:9      | Killed Maurice
 11197 | D:9      | 11197 ||| PLANNING LAIR
 11197 | D:9      | 11197 ||| UPGRADING to +0 cloak.
 11202 | D:9      | 11202 ||| DRINKING 2 fizzy pink potions.
 11303 | D:9      | 11303 ||| DROPPING potion of ambrosia.
 11324 | Lair:1   | Entered Level 1 of the Lair of Beasts
 11372 | Lair:1   | Noticed a five-headed hydra
 11374 | Lair:1   | 11374 ||| SWAPPING to +0 flail.
 11375 | Lair:1   | 11375 ||| INVOKING Berserk.
 11378 | Lair:1   | Killed a five-headed hydra
 11390 | Lair:1   | 11390 ||| SWAPPING to +0 war axe.
 11818 | Lair:1   | 11818 ||| Stepping ~*~*~tactically~*~*~ (stealth).
 11828 | Lair:1   | Noticed a cane toad
 11832 | Lair:1   | 11832 ||| INVOKING Berserk.
 11834 | Lair:1   | Killed a cane toad
 11835 | Lair:1   | Reached XP level 11. HP: 94/94 MP: 10/10
 12002 | Lair:1   | Reached skill level 15 in Axes
 12179 | Lair:1   | 12179 ||| INVOKING Berserk.
 12185 | Lair:1   | Reached skill level 9 in Fighting
 12495 | Lair:1   | 12495 ||| DROPPING ring of see invisible.
 12517 | Lair:2   | Noticed Nergalle
 12520 | Lair:2   | 12520 ||| INVOKING Berserk.
 12530 | Lair:2   | Killed Nergalle
 12531 | Lair:2   | Reached skill level 3 in Dodging
 12689 | Lair:2   | Identified the +1 robe "Leettiul" {rElec rCorr Str-2 Dex+2}
 12731 | Lair:2   | 12731 ||| Stepping ~*~*~tactically~*~*~ (hiding).
 12847 | Lair:2   | Found a staircase to the Shoals.
 12906 | Lair:2   | 12906 ||| INVOKING Berserk.
 12919 | Lair:2   | 12919 ||| Stepping ~*~*~tactically~*~*~ (stealth).
 13036 | Lair:2   | 13036 ||| INVOKING Berserk.
 13275 | Lair:2   | 13275 ||| FLEEEEING.
 13493 | Lair:2   | 13493 ||| INVOKING Berserk.
 13977 | Lair:2   | 13977 ||| READING scroll labelled AJYIDI OMESOS.
 14019 | Lair:3   | 14019 ||| INVOKING Berserk.
 14167 | Lair:3   | Noticed a six-headed hydra
 14171 | Lair:3   | 14171 ||| SWAPPING to +0 flail.
 14172 | Lair:3   | 14172 ||| INVOKING Berserk.
 14179 | Lair:3   | Killed a six-headed hydra
 14211 | Lair:3   | 14211 ||| SWAPPING to +1 war axe.
 14388 | Lair:3   | Reached skill level 9 in Armour
 14462 | Lair:3   | 14462 ||| INVOKING Berserk.
 14636 | Lair:3   | 14636 ||| READING scroll of enchant armour.
 14636 | Lair:3   | 14636 ||| ENCHANTING +0 pair of gloves.
 14792 | Lair:3   | 14792 ||| Stepping ~*~*~tactically~*~*~ (stealth).
 14799 | Lair:3   | 14799 ||| Stepping ~*~*~tactically~*~*~ (stealth).
 14801 | Lair:3   | Reached XP level 12. HP: 106/106 MP: 11/11
 14820 | Lair:3   | 14820 ||| Stepping ~*~*~tactically~*~*~ (stealth).
 14825 | Lair:3   | 14825 ||| Stepping ~*~*~tactically~*~*~ (stealth).
 14826 | Lair:3   | 14826 ||| Stepping ~*~*~tactically~*~*~ (stealth).
 14827 | Lair:3   | 14827 ||| Stepping ~*~*~tactically~*~*~ (stealth).
 14841 | Lair:3   | 14841 ||| Stepping ~*~*~tactically~*~*~ (stealth).
 14845 | Lair:3   | 14845 ||| Stepping ~*~*~tactically~*~*~ (stealth).
 14858 | Lair:3   | Reached **** piety under Trog
 14926 | Lair:3   | Found a hole to the Spider Nest.
 15086 | Lair:3   | 15086 ||| READING scroll of enchant armour.
 15086 | Lair:3   | 15086 ||| ENCHANTING +1 pair of gloves.
 15477 | Lair:3   | 15477 ||| UPGRADING to +0 pair of boots.
 15482 | Lair:3   | 15482 ||| READING 8 scrolls of identify.
 15482 | Lair:3   | 15482 ||| IDENTIFYING sapphire potion
 15483 | Lair:3   | 15483 ||| DROPPING potion of brilliance.
 15750 | Lair:4   | 15750 ||| Stepping ~*~*~tactically~*~*~ (stealth).
 15764 | Lair:4   | Reached skill level 12 in Shields
 15819 | Lair:4   | 15819 ||| INVOKING Berserk.
 16087 | Lair:4   | 16087 ||| Stepping ~*~*~tactically~*~*~ (stealth).
 16124 | Lair:4   | 16124 ||| Stepping ~*~*~tactically~*~*~ (stealth).
 16125 | Lair:4   | 16125 ||| Stepping ~*~*~tactically~*~*~ (stealth).
 16195 | Lair:4   | Noticed an eight-headed hydra
 16196 | Lair:4   | 16196 ||| INVOKING Brothers in Arms.
 16198 | Lair:4   | 16198 ||| SWAPPING to +0 flail.
 16200 | Lair:4   | 16200 ||| INVOKING Berserk.
 16203 | Lair:4   | Killed an eight-headed hydra
 16227 | Lair:4   | 16227 ||| SWAPPING to +1 war axe.
 16328 | Lair:4   | Found a runed translucent door.
 16328 | Lair:4   | Noticed qw's ghost (journeyman MiFi)
 16338 | Lair:4   | 16338 ||| INVOKING Berserk.
 16462 | Lair:4   | 16462 ||| INVOKING Berserk.
 16833 | Lair:5   | Entered Level 5 of the Lair of Beasts
 16948 | Lair:5   | Noticed a death yak
 16949 | Lair:5   | Noticed a death yak
 16950 | Lair:5   | 16950 ||| Stepping ~*~*~tactically~*~*~ (stealth).
 16951 | Lair:5   | Noticed a death yak
 16951 | Lair:5   | Noticed a death yak
 16953 | Lair:5   | 16953 ||| Stepping ~*~*~tactically~*~*~ (stealth).
 16954 | Lair:5   | 16954 ||| INVOKING Berserk.
 16957 | Lair:5   | Killed a death yak
 16958 | Lair:5   | Reached skill level 12 in Fighting
 16965 | Lair:5   | Killed a death yak
 16970 | Lair:5   | Killed a death yak
 16973 | Lair:5   | Killed a death yak
 17103 | Lair:5   | 17103 ||| Stepping ~*~*~tactically~*~*~ (stealth).
 17147 | Lair:5   | Noticed a seven-headed hydra
 17148 | Lair:5   | 17148 ||| Stepping ~*~*~tactically~*~*~ (stealth).
 17151 | Lair:5   | 17151 ||| SWAPPING to +0 flail.
 17152 | Lair:5   | 17152 ||| SWAPPING to +1 war axe.
 17154 | Lair:5   | 17154 ||| Stepping ~*~*~tactically~*~*~ (stealth).
 17155 | Lair:5   | 17155 ||| SWAPPING to +0 flail.
 17156 | Lair:5   | 17156 ||| INVOKING Berserk.
 17160 | Lair:5   | Killed a seven-headed hydra
 17172 | Lair:5   | 17172 ||| SWAPPING to +1 war axe.
 17195 | Lair:5   | 17195 ||| Stepping ~*~*~tactically~*~*~ (stealth).
 17196 | Lair:5   | 17196 ||| Stepping ~*~*~tactically~*~*~ (stealth).
 17200 | Lair:5   | 17200 ||| Stepping ~*~*~tactically~*~*~ (stealth).
 17201 | Lair:5   | 17201 ||| Stepping ~*~*~tactically~*~*~ (stealth).
 17208 | Lair:5   | 17208 ||| Stepping ~*~*~tactically~*~*~ (stealth).
 17410 | Lair:5   | 17410 ||| INVOKING Berserk.
 17417 | Lair:5   | Reached skill level 12 in Armour
 17417 | Lair:5   | Reached XP level 13. HP: 118/118 MP: 12/12
 17574 | Lair:5   | 17574 ||| FLEEEEING.
 17575 | Lair:5   | 17575 ||| FLEEEEING.
 17709 | Lair:5   | 17709 ||| Stepping ~*~*~tactically~*~*~ (hiding).
 17710 | Lair:5   | 17710 ||| Stepping ~*~*~tactically~*~*~ (hiding).
 17715 | Lair:5   | 17715 ||| INVOKING Berserk.
 17814 | Lair:5   | 17814 ||| Stepping ~*~*~tactically~*~*~ (stealth).
 17817 | Lair:5   | 17817 ||| INVOKING Berserk.
 17872 | Lair:5   | 17872 ||| FLEEEEING.
 17874 | Lair:5   | 17874 ||| FLEEEEING.
 17875 | Lair:5   | 17875 ||| FLEEEEING.
 17876 | Lair:5   | 17876 ||| FLEEEEING.
 17877 | Lair:5   | 17877 ||| FLEEEEING.
 17878 | Lair:5   | 17878 ||| FLEEEEING.
 17879 | Lair:5   | 17879 ||| FLEEEEING.
 17880 | Lair:5   | 17880 ||| FLEEEEING.
 17888 | Lair:5   | 17888 ||| FLEEEEING.
 17889 | Lair:5   | 17889 ||| FLEEEEING.
 17893 | Lair:5   | 17893 ||| STAIRDANCE
 17988 | Lair:4   | 17988 ||| DROPPING ring of protection from cold.
 17989 | Lair:4   | 17989 ||| DRINKING 2 golden potions.
 17990 | Lair:4   | 17990 ||| DROPPING potion of degeneration.
 18059 | Lair:5   | 18059 ||| INVOKING Berserk.
 18175 | Lair:5   | 18175 ||| INVOKING Berserk.
 18298 | Lair:5   | 18298 ||| READING scroll of enchant armour.
 18298 | Lair:5   | 18298 ||| ENCHANTING +0 pair of boots.
 18333 | Lair:5   | Found a viscous altar of Jiyva.
 18333 | Lair:5   | Found a staircase to the Slime Pits.
 18371 | Lair:5   | Found a blossoming altar of Fedhas.
 18580 | Lair:5   | 18580 ||| INVOKING Berserk.
 18600 | Lair:5   | 18600 ||| Stepping ~*~*~tactically~*~*~ (stealth).
 18601 | Lair:5   | 18601 ||| Stepping ~*~*~tactically~*~*~ (stealth).
 18716 | Lair:5   | 18716 ||| Stepping ~*~*~tactically~*~*~ (stealth).
 18717 | Lair:5   | 18717 ||| Stepping ~*~*~tactically~*~*~ (stealth).
 18722 | Lair:5   | 18722 ||| INVOKING Berserk.
 18739 | Lair:5   | 18739 ||| Stepping ~*~*~tactically~*~*~ (stealth).
 18779 | Lair:5   | 18779 ||| Stepping ~*~*~tactically~*~*~ (hiding).
 18814 | Lair:5   | 18814 ||| Stepping ~*~*~tactically~*~*~ (stealth).
 18823 | Lair:5   | 18823 ||| Stepping ~*~*~tactically~*~*~ (hiding).
 18826 | Lair:5   | 18826 ||| INVOKING Berserk.
 19011 | Lair:5   | 19011 ||| INVOKING Berserk.
 19049 | Lair:5   | 19049 ||| Stepping ~*~*~tactically~*~*~ (stealth).
 19230 | Lair:5   | 19230 ||| Stepping ~*~*~tactically~*~*~ (stealth).
 19306 | Lair:5   | 19306 ||| INVOKING Berserk.
 19528 | Lair:5   | 19528 ||| PLANNING D:1-11
 19528 | Lair:5   | 19528 ||| INVOKING Berserk.
 19666 | Lair:5   | 19666 ||| UPGRADING to +0 tower shield.
 19676 | Lair:5   | 19676 ||| DROPPING +0 kite shield.
 19841 | D:10     | Entered Level 10 of the Dungeon
 19845 | D:10     | 19845 ||| READING scroll of enchant armour.
 19845 | D:10     | 19845 ||| ENCHANTING +1 pair of boots.
 20045 | D:10     | 20045 ||| Stepping ~*~*~tactically~*~*~ (stealth).
 20080 | D:10     | Reached ***** piety under Trog
 20134 | D:10     | 20134 ||| Stepping ~*~*~tactically~*~*~ (stealth).
 20135 | D:10     | 20135 ||| Stepping ~*~*~tactically~*~*~ (stealth).
 20141 | D:10     | 20141 ||| Stepping ~*~*~tactically~*~*~ (stealth).
 20146 | D:10     | 20146 ||| Stepping ~*~*~tactically~*~*~ (stealth).
 20154 | D:10     | 20154 ||| Stepping ~*~*~tactically~*~*~ (stealth).
 20155 | D:10     | 20155 ||| Stepping ~*~*~tactically~*~*~ (stealth).
 20156 | D:10     | 20156 ||| Stepping ~*~*~tactically~*~*~ (stealth).
 20157 | D:10     | 20157 ||| Stepping ~*~*~tactically~*~*~ (stealth).
 20174 | D:10     | Noticed Snorg
 20175 | D:10     | 20175 ||| INVOKING Brothers in Arms.
 20177 | D:10     | 20177 ||| INVOKING Berserk.
 20188 | D:10     | Killed Snorg
 20338 | D:10     | 20338 ||| Stepping ~*~*~tactically~*~*~ (hiding).
 20745 | D:11     | 20745 ||| Stepping ~*~*~tactically~*~*~ (stealth).
 20752 | D:11     | 20752 ||| INVOKING Brothers in Arms.
 20753 | D:11     | 20753 ||| SWAPPING to +0 flail.
 20754 | D:11     | 20754 ||| INVOKING Berserk.
 20774 | D:11     | 20774 ||| SWAPPING to +1 war axe.
 21018 | D:11     | Found Xareisuih's Assorted Antiques.
 21026 | D:11     | 21026 ||| BUYING onyx ring (120 gold).
 21026 | D:11     | Bought an onyx ring for 120 gold pieces
 21123 | D:11     | 21123 ||| Stepping ~*~*~tactically~*~*~ (stealth).
 21179 | D:11     | Reached skill level 15 in Shields
 21487 | D:11     | 21487 ||| FLEEEEING.
 21488 | D:11     | 21488 ||| FLEEEEING.
 21490 | D:11     | 21490 ||| FLEEEEING.
 21491 | D:11     | 21491 ||| FLEEEEING.
 21493 | D:11     | 21493 ||| FLEEEEING.
 21494 | D:11     | 21494 ||| FLEEEEING.
 21495 | D:11     | 21495 ||| FLEEEEING.
 21496 | D:11     | 21496 ||| FLEEEEING.
 21497 | D:11     | 21497 ||| FLEEEEING.
 21500 | D:11     | 21500 ||| FLEEEEING.
 21501 | D:11     | 21501 ||| FLEEEEING.
 21502 | D:11     | 21502 ||| FLEEEEING.
 21600 | D:11     | 21600 ||| FLEEEEING.
 21755 | D:11     | 21755 ||| FLEEEEING.
 21756 | D:11     | 21756 ||| FLEEEEING.
 21757 | D:11     | 21757 ||| FLEEEEING.
 21880 | D:11     | 21880 ||| FLEEEEING.
 21881 | D:11     | 21881 ||| FLEEEEING.
 21882 | D:11     | 21882 ||| FLEEEEING.
 21885 | D:11     | 21885 ||| FLEEEEING.
 21886 | D:11     | 21886 ||| FLEEEEING.
 21888 | D:11     | 21888 ||| FLEEEEING.
 21889 | D:11     | 21889 ||| FLEEEEING.
 21890 | D:11     | 21890 ||| FLEEEEING.
 21891 | D:11     | 21891 ||| FLEEEEING.
 21892 | D:11     | 21892 ||| FLEEEEING.
 21893 | D:11     | 21893 ||| FLEEEEING.
 21894 | D:11     | 21894 ||| FLEEEEING.
 21894 | D:11     | HP: 24/124 [lindwurm/blast of flame (20)]
 21895 | D:11     | 21895 ||| FLEEEEING.
 21896 | D:11     | 21896 ||| FLEEEEING.
 21897 | D:11     | 21897 ||| FLEEEEING.
 22274 | D:11     | 22274 ||| FLEEEEING.
 22275 | D:11     | 22275 ||| FLEEEEING.
 22276 | D:11     | 22276 ||| FLEEEEING.
 22277 | D:11     | 22277 ||| FLEEEEING.
 22367 | D:11     | 22367 ||| PLANNING D
 22367 | D:11     | 22367 ||| DROPPING ring of positive energy.
 22379 | D:11     | 22379 ||| FLEEEEING.
 22380 | D:11     | 22380 ||| FLEEEEING.
 22381 | D:11     | 22381 ||| FLEEEEING.
 22382 | D:11     | 22382 ||| FLEEEEING.
 22383 | D:11     | 22383 ||| FLEEEEING.
 22594 | D:11     | 22594 ||| FLEEEEING.
 22595 | D:11     | 22595 ||| FLEEEEING.
 22596 | D:11     | 22596 ||| FLEEEEING.
 22597 | D:11     | 22597 ||| FLEEEEING.
 22652 | D:11     | 22652 ||| FLEEEEING.
 22653 | D:11     | 22653 ||| FLEEEEING.
 22792 | D:11     | 22792 ||| FLEEEEING.
 22793 | D:11     | 22793 ||| FLEEEEING.
 22794 | D:11     | 22794 ||| FLEEEEING.
 22795 | D:11     | 22795 ||| FLEEEEING.
 22797 | D:11     | 22797 ||| FLEEEEING.
 22975 | D:11     | 22975 ||| FLEEEEING.
 22978 | D:11     | 22978 ||| FLEEEEING.
 22979 | D:11     | 22979 ||| FLEEEEING.
 22980 | D:11     | 22980 ||| FLEEEEING.
 22981 | D:11     | 22981 ||| FLEEEEING.
 22985 | D:11     | 22985 ||| FLEEEEING.
 22986 | D:11     | 22986 ||| FLEEEEING.
 22987 | D:11     | 22987 ||| FLEEEEING.
 22988 | D:11     | 22988 ||| FLEEEEING.
 22989 | D:11     | 22989 ||| FLEEEEING.
 22990 | D:11     | 22990 ||| FLEEEEING.
 23321 | D:11     | 23321 ||| READING 2 scrolls labelled FATAXA POEPHIPN.
 23342 | D:11     | 23342 ||| FLEEEEING.
 23343 | D:11     | 23343 ||| FLEEEEING.
 23346 | D:11     | 23346 ||| FLEEEEING.
 23347 | D:11     | 23347 ||| FLEEEEING.
 23349 | D:11     | 23349 ||| FLEEEEING.
 23352 | D:11     | 23352 ||| FLEEEEING.
 23353 | D:11     | 23353 ||| FLEEEEING.
 23354 | D:11     | 23354 ||| FLEEEEING.
 23357 | D:11     | 23357 ||| FLEEEEING.
 23358 | D:11     | 23358 ||| FLEEEEING.
 23359 | D:11     | 23359 ||| FLEEEEING.
 23360 | D:11     | 23360 ||| FLEEEEING.
 23361 | D:11     | 23361 ||| FLEEEEING.
 23362 | D:11     | 23362 ||| FLEEEEING.
 23363 | D:11     | 23363 ||| FLEEEEING.
 23548 | D:11     | 23548 ||| DROPPING scroll of silence.
 23563 | D:11     | 23563 ||| FLEEEEING.
 23564 | D:11     | 23564 ||| FLEEEEING.
 23567 | D:11     | 23567 ||| FLEEEEING.
 23568 | D:11     | 23568 ||| FLEEEEING.
 23736 | D:12     | 23736 ||| PLANNING GAUNTLET
 23813 | D:12     | 23813 ||| Stepping ~*~*~tactically~*~*~ (hiding).
 23825 | D:12     | 23825 ||| Stepping ~*~*~tactically~*~*~ (stealth).
 23874 | D:12     | 23874 ||| Stepping ~*~*~tactically~*~*~ (stealth).
 23875 | D:12     | 23875 ||| Stepping ~*~*~tactically~*~*~ (stealth).
 23882 | D:12     | 23882 ||| Stepping ~*~*~tactically~*~*~ (stealth).
 23886 | D:12     | 23886 ||| Stepping ~*~*~tactically~*~*~ (stealth).
 23891 | D:12     | 23891 ||| Stepping ~*~*~tactically~*~*~ (stealth).
 23892 | D:12     | 23892 ||| Stepping ~*~*~tactically~*~*~ (stealth).
 23893 | D:12     | 23893 ||| Stepping ~*~*~tactically~*~*~ (stealth).
 23894 | D:12     | 23894 ||| Stepping ~*~*~tactically~*~*~ (stealth).
 23895 | D:12     | 23895 ||| Stepping ~*~*~tactically~*~*~ (stealth).
 23896 | D:12     | 23896 ||| Stepping ~*~*~tactically~*~*~ (stealth).
 23952 | D:12     | 23952 ||| DROPPING +0 flail.
 24067 | D:12     | Found a gate leading to a gauntlet.
 24078 | D:12     | 24078 ||| DROPPING amulet of regeneration.
 24079 | D:12     | 24079 ||| DROPPING ring of resist corrosion.
 24107 | D:12     | Reached XP level 14. HP: 132/132 MP: 13/13
 24120 | Gauntlet | Entered a Gauntlet
 24120 | Gauntlet | Found a transporter.
 24129 | Gauntlet | Found a transporter.
 24144 | Gauntlet | Found a transporter.
 24149 | Gauntlet | Found a transporter.
 24152 | Gauntlet | Noticed a cacodemon
 24164 | Gauntlet | Found a transporter.
 24180 | Gauntlet | Found a transporter.
 24191 | Gauntlet | Found a large runed translucent door.
 24192 | Gauntlet | Found a large runed translucent door.
 24193 | Gauntlet | Found a large runed translucent door.
 24193 | Gauntlet | Found a large runed translucent door.
 24194 | Gauntlet | Found a runed translucent gate.
 24195 | Gauntlet | Found a transporter.
 24195 | Gauntlet | Found a runed translucent gate.
 24196 | Gauntlet | Found a runed translucent gate.
 24197 | Gauntlet | Found a large runed translucent door.
 24197 | Gauntlet | Found a large runed translucent door.
 24198 | Gauntlet | Found a large runed translucent door.
 24199 | Gauntlet | Found a large runed translucent door.
 24207 | Gauntlet | Found a transporter.
 24209 | Gauntlet | Found a large runed translucent door.
 24209 | Gauntlet | Found a large runed translucent door.
 24209 | Gauntlet | Found a runed translucent door.
 24209 | Gauntlet | Found a runed translucent door.
 24210 | Gauntlet | Found a large runed translucent door.
 24211 | Gauntlet | Found a large runed translucent door.
 24213 | Gauntlet | Found a transporter.
 24213 | Gauntlet | Found a transporter.
 24232 | Gauntlet | Found a transporter.
 24238 | Gauntlet | Found a transporter.
 24240 | Gauntlet | Found a transporter.
 24257 | Gauntlet | Found a transporter.
 24274 | Gauntlet | Found a transporter.
 24293 | Gauntlet | Found a transporter.
 24318 | Gauntlet | Found a transporter.
 24344 | Gauntlet | Found a transporter.
 24346 | Gauntlet | Found a large runed translucent door.
 24347 | Gauntlet | Found a large runed translucent door.
 24426 | Gauntlet | Found a large runed translucent door.
 24426 | Gauntlet | Found a large runed translucent door.
 24597 | Gauntlet | 24597 ||| INVOKING Berserk.
 24734 | Gauntlet | Lost intelligence.
 24734 | Gauntlet | Gained mutation: You are dopey. (Int -2) [a cacodemon]
 24742 | Gauntlet | Gained mutation: You are weak. (Str -2) [a cacodemon]
 24743 | Gauntlet | Killed a cacodemon
 24817 | Gauntlet | Gained mutation: You occasionally shout uncontrollably at
                  | your foes. [a neqoxec]
 24818 | Gauntlet | Gained mutation: Armour fits poorly on your strangely
                  | shaped body. [a neqoxec]
 24886 | Gauntlet | Identified the +0 cloak of Impressiveness {rPois Will+
                  | Str+3}
 24890 | Gauntlet | 24890 ||| DRINKING potion of mutation.
 24890 | Gauntlet | Lost mutation: You are dopey. (Int -2) [potion of mutation]
 24890 | Gauntlet | Lost mutation: You occasionally shout uncontrollably at
                  | your foes. [potion of mutation]
 24890 | Gauntlet | Gained mutation: Potions are less effective at restoring
                  | your health. [potion of mutation]
 24890 | Gauntlet | Gained mutation: Your spells are a little easier to cast,
                  | but a little less powerful. [potion of mutation]
 24890 | Gauntlet | Gained mutation: Your spells are easier to cast, but less
                  | powerful. [potion of mutation]
 24892 | Gauntlet | 24892 ||| UPGRADING to +0 cloak of Impressiveness {rPois
                  | Will+ Str+3}.
 24902 | Gauntlet | 24902 ||| DROPPING +0 cloak.
 24936 | Gauntlet | 24936 ||| Stepping ~*~*~tactically~*~*~ (stealth).
 24939 | Gauntlet | 24939 ||| Stepping ~*~*~tactically~*~*~ (stealth).
 24941 | Gauntlet | 24941 ||| Stepping ~*~*~tactically~*~*~ (stealth).
 24943 | Gauntlet | 24943 ||| Stepping ~*~*~tactically~*~*~ (stealth).
 24946 | Gauntlet | 24946 ||| Stepping ~*~*~tactically~*~*~ (stealth).
 24949 | Gauntlet | 24949 ||| Stepping ~*~*~tactically~*~*~ (stealth).
 24951 | Gauntlet | 24951 ||| INVOKING Berserk.
 25007 | Gauntlet | 25007 ||| DROPPING +0 morningstar.
 25076 | D:12     | 25076 ||| PLANNING D
 25076 | D:12     | Found a staircase to the Orcish Mines.
 25103 | D:12     | Reached skill level 1 in Throwing
 25136 | D:12     | You fall into a shaft and drop 2 floors!
 25159 | D:14     | 25159 ||| Stepping ~*~*~tactically~*~*~ (stealth).
 25284 | D:14     | 25284 ||| DROPPING scarf of shadows.
 25290 | D:13     | Found Yniph's Book Boutique.
 25559 | D:13     | 25559 ||| INVOKING Berserk.
 25562 | D:13     | Reached skill level 3 in Throwing
 25752 | D:13     | Found a runed translucent door.
 25753 | D:13     | Noticed qw's ghost (journeyman MiBe)
 25753 | D:13     | Noticed a war gargoyle
 25836 | D:13     | 25836 ||| INVOKING Berserk.
 25925 | D:13     | 25925 ||| Stepping ~*~*~tactically~*~*~ (hiding).
 26022 | D:13     | 26022 ||| INVOKING Trog's Hand.
 26056 | D:13     | 26056 ||| INVOKING Berserk.
 26117 | D:13     | Identified the +5 sling of Cobwebs {freeze, rF++ rC- Str+3}
 26119 | D:13     | 26119 ||| INVOKING Berserk.
 26299 | D:13     | Reached skill level 6 in Throwing
 26450 | D:13     | 26450 ||| SWAPPING to +0 broad axe.
 26451 | D:13     | 26451 ||| DROPPING +1 war axe.
 26455 | D:13     | Found a gate to the Vaults.
 26499 | D:13     | Noticed Kirke
 26500 | D:13     | 26500 ||| INVOKING Trog's Hand.
 26517 | D:13     | Noticed a sphinx
 26517 | D:13     | 26517 ||| INVOKING Trog's Hand.
 26524 | D:13     | 26524 ||| INVOKING Berserk.
 26530 | D:13     | Killed Kirke
 26765 | D:13     | Noticed Azrael
 26766 | D:13     | 26766 ||| FLEEEEING.
 26772 | D:13     | 26772 ||| FLEEEEING.
 26777 | D:13     | 26777 ||| FLEEEEING.
 26778 | D:13     | 26778 ||| FLEEEEING.
 26782 | D:13     | 26782 ||| FLEEEEING.
 26783 | D:13     | 26783 ||| FLEEEEING.
 26784 | D:13     | 26784 ||| FLEEEEING.
 26785 | D:13     | 26785 ||| FLEEEEING.
 26786 | D:13     | 26786 ||| FLEEEEING.
 26787 | D:13     | 26787 ||| FLEEEEING.
 26788 | D:13     | 26788 ||| FLEEEEING.
 26789 | D:13     | 26789 ||| STAIRDANCE
 27027 | D:13     | 27027 ||| STAIRDANCE
 27141 | D:13     | 27141 ||| INVOKING Berserk.
 27146 | D:13     | Killed Azrael
 27457 | D:13     | 27457 ||| Stepping ~*~*~tactically~*~*~ (stealth).
 27621 | D:13     | 27621 ||| Stepping ~*~*~tactically~*~*~ (hiding).
 27624 | D:13     | 27624 ||| INVOKING Berserk.
 27651 | D:13     | Noticed a fire giant
 27653 | D:13     | HP: 28/132 [killer bee (6)]
 27654 | D:13     | 27654 ||| READING 11 scrolls of teleportation.
 27655 | D:13     | 27655 ||| DRINKING 5 potions of heal wounds.
 27656 | D:13     | 27656 ||| DRINKING 4 potions of heal wounds.
 27657 | D:13     | 27657 ||| DRINKING 3 potions of heal wounds.
 27666 | D:13     | HP: 26/132 [deep troll earth mage (12)]
 27667 | D:13     | 27667 ||| READING 10 scrolls of teleportation.
 27668 | D:13     | 27668 ||| DRINKING 2 potions of heal wounds.
 27669 | D:13     | 27669 ||| DRINKING potion of heal wounds.
 27733 | D:13     | 27733 ||| Stepping ~*~*~tactically~*~*~ (stealth).
 28002 | D:13     | 28002 ||| FLEEEEING.
 28004 | D:13     | 28004 ||| FLEEEEING.
 28005 | D:13     | 28005 ||| FLEEEEING.
 28006 | D:13     | 28006 ||| Stepping ~*~*~tactically~*~*~ (hiding).
 28011 | D:13     | 28011 ||| Stepping ~*~*~tactically~*~*~ (hiding).
 28013 | D:13     | 28013 ||| FLEEEEING.
 28014 | D:13     | 28014 ||| FLEEEEING.
 28015 | D:13     | 28015 ||| FLEEEEING.
 28016 | D:13     | 28016 ||| FLEEEEING.
 28017 | D:13     | 28017 ||| FLEEEEING.
 28021 | D:13     | 28021 ||| FLEEEEING.
 28022 | D:13     | 28022 ||| FLEEEEING.
 28023 | D:13     | 28023 ||| FLEEEEING.
 28024 | D:13     | 28024 ||| FLEEEEING.
 28029 | D:13     | 28029 ||| FLEEEEING.
 28030 | D:13     | 28030 ||| Stepping ~*~*~tactically~*~*~ (hiding).
 28032 | D:13     | HP: 3/132 [fire giant/fireball (44)]
 28033 | D:13     | 28033 ||| READING 9 scrolls of teleportation.
 28034 | D:13     | 28034 ||| INVOKING Berserk.
 28035 | D:13     | Killed from afar by a fire giant

Levels and vault maps discovered:
D:1:      heliophobic_arrival_ceremonial_halls, layout_basic, minivault_24,
          minmay_pentomino_z2
D:2:      layout_rooms, nicolae_ecumenical_snake_handling
D:3:      layout_basic, nicolae_overflow_hidden_temple,
          mainiacjoe_overflow_chevrons,
          chequers_temple_overflow_statue_of_worship, serial_shops,
          nicolae_shop_statue_plus, minmay_quadrilaterals
D:4:      layout_basic, zin_angel, temple_statues, nrook_campfire,
          dk_rats_in_the_wall, uniq_crazy_yiuf_cottage
D:5:      minmay_angry_zag, layout_loops_ring, mainiacjoe_overflow_swirl,
          amethyst_killhole, uniq_ijyb
D:6:      layout_basic, lemuel_doored_altar, serial_shops,
          kennysheep_little_box, nicolae_shop_trees, nicolae_shop_hallway_plus,
          nicolae_stop_n_shop_2
D:7:      layout_basic, enter_bailey_3, uniq_pikel
D:8:      layout_loops_corners, kennysheep_mini, nicolae_overflow_crystal_walls
D:9:      layout_basic, lair_entry_dummy, uniq_maurice, uniq_maggie
D:10:     layout_irregular_city, st_stairs_9, kennysheep_flooded_box, uniq_snorg
D:11:     layout_roguey, serial_shops, shop, minmay_lindwurm_lava
D:12:     layout_cave_pools, orc_0_dummy, gauntlet_entry_generic
D:13:     regret_index_bee_streams, layout_basic, ximxim_vaults_locker_room,
          ebering_ghost_inner_flame, serial_shops, nicolae_stop_n_shop_1,
          minmay_pinched_square, uniq_azrael, uniq_kirke
D:14:     layout_rooms, fiery_altar_vehumet
Lair:1:   layout_regular_city
Lair:2:   layout_gridlike, minmay_shoals_entry_lonely_mermaid, uniq_nergalle
Lair:3:   layout_cave_pods, spider_nest_entry_funnel_web
Lair:4:   layout_gridlike, gammafunk_ghost_grave, serial_bayou_shore_a,
          infiniplex_staircase_pool_2, serial_bayou_shore_b
Lair:5:   minmay_lair_end_enchanted_forest, layout_regular_city,
          nicolae_slime_entry_slimehenge, serial_bayou_lagoon_a, minivault_11,
          tgw_fedhas

Skill      XL: |  1  2  3  4  5  6  7  8  9 10 11 12 13 14 |
---------------+-------------------------------------------+-----
Axes           | 4 5 6 7 9 10 12 14 16 17 | 17.1
Shields        | 3 5 6 7 9 10 11 13 15 17 | 17.6
Armour         | 3 4 7 9 12 13 | 13.0
Fighting       | 4 5 6 7 8 10 12 14 | 14.0
Dodging        | 3 4 5 |  5.0
Throwing       | 6 |  6.1

Action                   |  1- 3 |  4- 6 |  7- 9 | 10-12 | 13-15 || total
-------------------------+-------+-------+-------+-------+-------++-------
Melee: Hand axe          |    95 |   101 |   196 |       |       ||   392
       Headbutt          |    10 |    18 |    52 |   105 |   162 ||   347
       War axe           |       |       |    61 |   369 |   598 ||  1028
       Unarmed           |       |       |       |    11 |       ||    11
       Flail             |       |       |       |    28 |     4 ||    32
       Broad axe         |       |       |       |       |   110 ||   110
Throw: Javelin           |       |       |       |       |    15 ||    15
Invok: Berserk           |     1 |     4 |    13 |    17 |    22 ||    57
       Brothers in Arms  |       |       |       |     1 |     2 ||     3
       Trog's Hand       |       |       |       |       |     3 ||     3
  Use: Scroll            |     7 |     9 |     6 |     4 |     6 ||    32
       Potion            |     2 |     1 |     1 |     2 |     7 ||    13
Armor: Animal skin       |     1 |       |       |       |       ||     1
       Plate armour      |    38 |    32 |   100 |   159 |   334 ||   663
Dodge: Dodged            |    38 |    12 |    34 |    63 |   138 ||   285
Block: Kite shield       |       |    28 |   124 |   235 |   116 ||   503
       Reflection        |       |       |     1 |     4 |    29 ||    34
       Tower shield      |       |       |       |       |   610 ||   610

Table legend:
 A = Non-vault XP
 B = Vault XP
 C = Vault XP percentage of total XP
 D = Non-vault monster count
 E = Vault monster count
 F = Vault count percentage of total count
                 A         B        C        D         E       F
            +---------+---------+-------+---------+---------+-------
      Total |   58603 |   40661 |  41.0 |     343 |     182 |  34.7
            +---------+---------+-------+---------+---------+-------
        D:1 |      26 |       4 |  13.3 |      15 |       2 |  11.8
        D:2 |      43 |      17 |  28.3 |      12 |       4 |  25.0
        D:3 |     176 |       7 |   3.8 |      16 |       3 |  15.8
        D:4 |     334 |      71 |  17.5 |      12 |      21 |  63.6
        D:5 |     733 |      60 |   7.6 |      24 |       3 |  11.1
        D:6 |    1004 |       0 |   0.0 |      28 |       0 |   0.0
        D:7 |    1685 |     649 |  27.8 |      30 |       5 |  14.3
        D:8 |     633 |       0 |   0.0 |       6 |       0 |   0.0
        D:9 |    1992 |     839 |  29.6 |      10 |       2 |  16.7
       D:10 |    1006 |    1592 |  61.3 |      17 |       4 |  19.0
       D:11 |    2812 |       0 |   0.0 |      18 |       0 |   0.0
       D:12 |    5084 |       0 |   0.0 |      24 |       0 |   0.0
       D:13 |    5356 |   21948 |  80.4 |      20 |      64 |  76.2
       D:14 |    1653 |       0 |   0.0 |       3 |       0 |   0.0
     Lair:1 |    4763 |       0 |   0.0 |      20 |       0 |   0.0
     Lair:2 |    4952 |    1247 |  20.1 |      15 |       2 |  11.8
     Lair:3 |    5497 |     995 |  15.3 |      16 |       5 |  23.8
     Lair:4 |    5465 |       0 |   0.0 |      18 |       0 |   0.0
     Lair:5 |   15389 |    8684 |  36.1 |      39 |      53 |  57.6
   Gauntlet |       0 |    4548 | 100.0 |       0 |      14 | 100.0
            +---------+---------+-------+---------+---------+-------
